 Dungeon Crawl Stone Soup version 0.20.1-1-g8b1a95d (webtiles) character file.

156 Knicklaso the Vandal (level 5, -1/35 HPs)
             Began as a Halfling Hunter on July 21, 2017.
             Slain by an orc
             ... wielding a +0 flail
              (3 damage)
             ... on level 3 of the Dungeon.
             The game lasted 00:11:05 (2846 turns).

Knicklaso the Vandal (Halfling Hunter)              Turns: 2846, Time: 00:11:06

Health: -1/35      AC:  6    Str: 13    XL:     5   Next: 64%
Magic:  5/5        EV: 13    Int: 10    God:
Gold:   73         SH:  4    Dex: 15    Spells: 4/4 levels left

rFire    . . .     SeeInvis .   b - +0 short sword
rCold    . . .     Gourm    .   s - +0 buckler
rNeg     . . .     Faith    .   t - +0 ring mail
rPois    .         Spirit   .   (no helmet)
rElec    .         Reflect  .   (no cloak)
rCorr    +         Harm     .   r - +0 pair of gloves
MR       .....                  (no boots)
Stlth    ++........             (no amulet)
Regen    0.2/turn               k - ring of resist corrosion
MPRegen  0.1/turn               v - ring of flight

@: no status effects
A: mutation resistance 1
a: Evoke Flight


You were on level 3 of the Dungeon.
You were not hungry.

You visited 1 branch of the dungeon, and saw 4 of its levels.

You collected 73 gold pieces.

Inventory:

Hand Weapons
 a - a +1 hunting sling
 b - a +0 short sword (weapon)
Missiles
 d - 5 sling bullets
 e - 85 stones (quivered)
Armour
 r - a +0 pair of gloves (worn)
 s - a +0 buckler (worn)
 t - a +0 ring mail (worn)
Jewellery
 k - a ring of resist corrosion (left hand)
 v - a ring of flight (right hand)
Scrolls
 g - 3 scrolls of magic mapping {unknown}
 i - a scroll of remove curse {unknown}
 l - a scroll of teleportation {unknown}
 m - a scroll of enchant armour {unknown}
 n - a scroll of immolation {unknown}
 w - a scroll of identify {unknown}
Potions
 h - 2 potions of heal wounds {unknown}
 j - 2 potions of cancellation {unknown}
 q - 2 potions of haste {unknown}
 u - a potion of resistance {unknown}
 x - a potion of flight {unknown}
 z - a potion of curing {unknown}
Comestibles
 c - a chunk of flesh
 f - 4 bread rations
 o - 2 royal jellies
 p - a meat ration


   Skills:
 + Level 2.7 Fighting
 + Level 2.7 Short Blades
 - Level 6.0 Slings
 + Level 3.4 Dodging
 + Level 3.0 Stealth


You had 4 spell levels left.
You didn't know any spells.

Dungeon Overview and Level Annotations

Branches:
Dungeon (4/15)
 Temple: D:4-7

Altars:
Gozag

Annotations:
D:4 baghtru's ghost, amateur HOFi


Innate Abilities, Weirdness & Mutations

You are small and have problems with some larger weapons.
You are somewhat resistant to further mutation.


Message History

You kill the orc wizard!
Your Stealth skill increases to level 3!
The orc closely misses you. You block the orc's attack.
The orc closely misses you.
The orc hits you from afar with a trident.
* * * LOW HITPOINT WARNING * * *
The orc closely misses you. The orc hits you but does no damage.
You climb upwards.
There is a stone staircase leading down here.
You hit the orc but do no damage. You barely miss the orc.
The orc completely misses you. The orc hits you with a flail.
* * * LOW HITPOINT WARNING * * *
You hit the orc but do no damage. The orc hits you with a flail.
* * * LOW HITPOINT WARNING * * *
You block the orc's attack.
You hit the orc.
The orc is heavily wounded.
The orc hits you with a flail.
You die...

.................# #............
.................# #..........##
###>.............# #............
####...........# #..........##
#...........# #..........#
#...........# #..........#
##...........# #############
#####...........o# #....
...............o@# #....
.................# #....
.................# #....
.................# #....
.....)...####################....
.........# #..............
.......).# #.............#
.........# #...>.........#
.........# #...........<.#


You could see 2 orcs.

Vanquished Creatures
  An orc wizard (D:4)
  Jessica (D:2)
  3 adders
  2 oozes
  4 worms
  2 dart slugs
  5 orcs
  A giant cockroach (D:3)
  9 goblins
  4 hobgoblins
  A quokka (D:3)
  A ball python (D:2)
  3 bats
  4 frilled lizards
  4 kobolds
  5 rats
50 creatures vanquished.

Notes
Turn   | Place    | Note
-------+----------+-------------------------------------------
     0 | D:1      | Knicklaso the Halfling Hunter began the quest for the Orb.
     0 | D:1      | Reached XP level 1. HP: 14/14 MP: 1/1
   230 | D:1      | Reached XP level 2. HP: 19/19 MP: 2/2
   956 | D:2      | Noticed Jessica
   971 | D:2      | Killed Jessica
   971 | D:2      | Reached skill level 6 in Slings
   971 | D:2      | Reached XP level 3. HP: 25/25 MP: 3/3
  1133 | D:2      | Found an opulent altar of Gozag.
  1202 | D:2      | Reached skill level 1 in Short Blades
  1202 | D:2      | Reached XP level 4. HP: 30/30 MP: 4/4
  2089 | D:3      | Reached XP level 5. HP: 35/35 MP: 5/5
  2539 | D:4      | Noticed baghtru's ghost (amateur HOFi)
  2846 | D:3      | Slain by an orc

Skill      XL: |  1  2  3  4  5 |
---------------+----------------+-----
Fighting       | 2 |  2.7
Slings         | 6 |  6.0
Stealth        | 2 3 |  3.0
Short Blades   | 1 2 |  2.7
Dodging        | 3 |  3.4

Action                   |  1- 3 |  4- 6 || total
-------------------------+-------+-------++-------
Melee: Short sword       |    44 |    74 ||   118
 Fire: Hunting sling     |    27 |    87 ||   114
 Stab: Sleeping          |     1 |       ||     1
  Eat: Chunk             |     1 |     5 ||     6
Armor: Leather armour    |     9 |       ||     9
       Ring mail         |       |    14 ||    14
Dodge: Dodged            |    29 |    52 ||    81
Block: Buckler           |     1 |    11 ||    12
